 Dungeon Crawl Stone Soup version 0.23.2-1-ga50397a (webtiles) character file.

Game seed: 14701137553059966544

112 Fang the Skirmisher (level 4, -4/29 HPs)
             Began as a Gargoyle Berserker on May 8, 2019.
             Was a Priest of Trog.
             Killed from afar by an orc wizard (8 damage)
             ... with a magic dart
             ... on level 3 of the Dungeon.
             The game lasted 00:02:13 (1600 turns).

Fang the Skirmisher (Gargoyle Berserker)            Turns: 1600, Time: 00:02:13

Health: -4/29      AC:  5    Str: 22    XL:     4   Next: 93%
Magic:  4/4        EV: 12    Int:  7    God:    Trog [***...]
Gold:   63         SH:  0    Dex:  9    Spells: 3/3 levels left

rFire    . . .     SeeInvis .   a - +0 hand axe
rCold    . . .     Gourm    .   (no shield)
rNeg     + . .     Faith    .   b - +0 animal skin
rPois    ∞         Spirit   .   (no helmet)
rElec    +         Reflect  .   (no cloak)
rCorr    .         Harm     .   (no gloves)
MR       .....                  (no boots)
Stlth    +.........             (no amulet)
HPRegen  0.09/turn              (no ring)
MPRegen  0.09/turn              (no ring)

@: berserk cooldown, slowed, very slow
A: negative energy resistance 1, electricity resistance, unbreathing,
petrification resistance, rot immunity, AC +3
a: Berserk, Trog's Hand, Renounce Religion


You were on level 3 of the Dungeon.
You worshipped Trog.
Trog was most pleased with you.
You were very hungry.

You visited 1 branch of the dungeon, and saw 3 of its levels.

You collected 63 gold pieces.

Inventory:

Hand Weapons
 a - a +0 hand axe (weapon)
Armour
 b - a +0 animal skin (worn)
Jewellery
 l - an uncursed ring of resist corrosion {unknown}
 o - a +2 ring of dexterity
Scrolls
 e - a scroll of remove curse {unknown}
 f - a scroll of teleportation {unknown}
 h - a scroll of immolation {unknown}
 i - 2 scrolls of noise {unknown}
 j - a scroll of blinking {unknown}
 n - a scroll of amnesia {unknown}
 p - a scroll of identify {unknown}
Potions
 g - 2 potions of curing {unknown}
 k - a potion of might {unknown}
 m - 2 potions of haste {unknown}
Comestibles
 c - 6 rations
 d - 2 chunks of flesh


   Skills:
 + Level 4.2 Fighting
 + Level 3.3 Axes
 + Level 3.2 Armour
 + Level 2.3 Dodging


You had 3 spell levels left.
You didn't know any spells.
Your spell library was empty.

Dungeon Overview and Level Annotations

Branches:
Dungeon (3/15)

Altars:


Innate Abilities, Weirdness & Mutations

You are resistant to torment.
Your stone body is resilient. (AC +3)
You are immune to poison.
You resist negative energy. (rN+)
You are resistant to electric shocks. (rElec)
You can survive without breathing.
You are immune to petrification.
You are immune to rotting.


Message History

Something tries to affect you, but you resist.
Items here: )) †† a +0 short sword; a +0 club; an orc corpse; a goblin corpse You feel less confused.
Things that are here:
a +0 short sword; a cursed -1 whip; a +0 scale mail You hear some strange, mumbled words.
Something tries to affect you, but you resist.
There is a stone staircase leading up here.
You barely miss something.
You hear some strange, mumbled words.
A magic dart appears from out of thin air!
The magic dart hits you.
* * * LOW HITPOINT WARNING * * *
Something hits you but does no damage.
You hit something.
You hear some strange, mumbled words.
A magic dart appears from out of thin air!
The magic dart hits you!
You die...

#.........
###........ .
#.........#.. #
##..........
.)#.......... #
...........# ..
.........†.####.###
.........†.#....<..
.........){@.#
.............#
.?...........#
................
..!......#...##.#
..#.....##...# .# #
############ .


There were no monsters in sight!

Vanquished Creatures
  3 gnolls (D:2)
  An ooze (D:2)
  2 worms (D:2)
  2 leopard geckos (D:1)
  4 orcs (D:3)
  9 bats
  3 giant cockroaches
  4 goblins
  3 hobgoblins
  3 jackals (D:3)
  2 quokkas (D:2)
  A ball python (D:1)
  3 frilled lizards
  13 kobolds
  9 rats
62 creatures vanquished.

Notes
Turn   | Place    | Note
-------+----------+-------------------------------------------
     0 | D:1      | Fang the Gargoyle Berserker began the quest for the Orb.
     0 | D:1      | Reached XP level 1. HP: 14/14 MP: 1/1
   150 | D:1      | Reached XP level 2. HP: 19/19 MP: 2/2
   427 | D:1      | Reached XP level 3. HP: 24/24 MP: 3/3
   428 | D:1      | Reached ** piety under Trog
  1133 | D:2      | Found a faded altar of an unknown god.
  1259 | D:2      | Reached XP level 4. HP: 29/29 MP: 4/4
  1264 | D:2      | Reached skill level 4 in Fighting
  1588 | D:3      | Reached *** piety under Trog
  1600 | D:3      | Killed from afar by an orc wizard

Skill      XL: |  1  2  3  4 |
---------------+-------------+-----
Dodging        | 2 |  2.3
Axes           | 3 |  3.3
Armour         | 3 |  3.2
Fighting       | 4 |  4.2

Action                   |  1- 3 |  4- 6 || total
-------------------------+-------+-------++-------
Melee: Hand axe          |   141 |    51 ||   192
Invok: Berserk           |       |     1 ||     1
 Stab: Sleeping          |     1 |       ||     1
  Eat: Chunk             |     1 |     1 ||     2
Armor: Animal skin       |    40 |    33 ||    73
Dodge: Dodged            |   107 |    43 ||   150
